 Dungeon Sprint DCSS version 0.30-a0-4-ga7cffc901d (webtiles) character file.

Game seed: 10655857403586362110

118 mhtbhm the Covert (level 4, -2/20 (23) HPs)
             Began as a Spriggan Brigand on Aug 21, 2022.
             Slain by a necrophage (4 damage)
             ... in the Dungeon (Sprint III: "The Ten Rune Challenge").
             The game lasted 00:00:56 (288 turns).

mhtbhm the Covert (Spriggan Brigand)                 Turns: 288, Time: 00:00:56

HP:   -2/20 (23)    AC:  3    Str:  7    XL:     4   Next: 72%
MP:   5/5           EV: 17    Int: 12    God:
Gold: 18            SH:  0    Dex: 18    Spells: 3/3 levels left

rFire   . . .      SeeInvis +    a - +2 dagger
rCold   . . .      Faith    .    (no shield)
rNeg    . . .      Spirit   .    b - +0 robe
rPois   .          Reflect  .    (helmet restricted)
rElec   .          Harm     .    c - +0 cloak
rCorr   .          Rampage  .    (gloves unavailable)
Will    +....      Clarity  +    (boots unavailable)
Stlth   +++++..... NoTele   +    (no amulet)
HPRegen 0.06/turn                (no ring)
MPRegen 0.09/turn                (no ring)

@: heavily drained, very quick
A: very small, no large weapons, unfitting armour, see invisible, speed 3,
clarity, strong-willed 1
a: no special abilities


You were in the Dungeon.
You visited 1 branch You collected 18 gold pieces.

Inventory:

Hand Weapons
 a - a +2 dagger (weapon)
Missiles
 d - 8 poisoned darts (quivered)
Armour
 b - a +0 robe (worn)
 c - a +0 cloak (worn)
Scrolls
 k - a scroll of blinking
 m - 2 scrolls of immolation {unknown}
 n - 3 scrolls of identify
Potions
 f - a potion of curing
 g - 2 potions of heal wounds
 h - a potion of haste
 i - 2 potions of magic
 j - a potion of berserk rage
 l - a potion of mutation
 o - a potion of flight {unknown}


   Skills:
 + Level 2.8 Fighting
 + Level 4.2 Short Blades
 + Level 4.1 Throwing
 + Level 2.1 Dodging
 + Level 12.6 Stealth


You had 3 spell levels left.
You didn't know any spells.
Your spell library was empty.

Dungeon Overview and Level Annotations

Branches:
Dungeon (1/1)

Altars:
Dithmenos
Ru
Yredelemnul


Innate Abilities, Weirdness & Mutations

You are very small and have problems with some larger weapons.
You are too small for most types of armour.
You have supernaturally acute eyesight. (SInv)
You cover ground extremely quickly. (Speed+++)
You possess an exceptional clarity of mind.
You are strong-willed. (Will+)


Message History

Your Throwing skill increases to level 4!
Your Stealth skill increases to level 12!
Unknown command.
You aren't carrying any items that you can evoke.
Unknown command.
You hit the necrophage.
The necrophage is lightly damaged.
The necrophage hits you.
You hit the necrophage but do no damage.
The necrophage is lightly damaged.
You barely miss the necrophage.
The necrophage is lightly damaged.
The necrophage hits you!
You barely miss the necrophage.
The necrophage is lightly damaged.
The necrophage closely misses you.
You hit the necrophage.
The necrophage is lightly damaged.
The necrophage barely misses you.
You hit the necrophage.
The necrophage is moderately damaged.
The necrophage hits you.
You feel drained.
You closely miss the necrophage.
The necrophage is moderately damaged.
You hit the necrophage.
The necrophage is moderately damaged.
The necrophage hits you.
* * * LOW HITPOINT WARNING * * *
You feel drained.
* * * LOW HITPOINT WARNING * * *
You hit the necrophage but do no damage.
The necrophage is moderately damaged.
The necrophage hits you.
* * * LOW HITPOINT WARNING * * *
You feel drained.
* * * LOW HITPOINT WARNING * * *
You closely miss the necrophage.
The necrophage is moderately damaged.
The necrophage hits you.
You die...

▓ ▓▓▓ ♣♣ ♣.# ####
.♣ ♣.# #__# ♣♣♣ ♣.#
#/_#
~.♣♣♣♣.###+#+###n##
~....♣.#........@.#
~~.♣♣♣.'.⌠........#
≈~~~♣..#...######+#
~~~....#.⌠.#
~~.....#...#
.......#+###
.......# .......#
▓▓▓▓▓▓▓▓


You could see a necrophage.

Vanquished Creatures
  A water elemental (D)
  A necromancer (D)
  A human (D)
  A wolf (D)
  2 endoplasms (D)
  2 rats (D)
8 creatures vanquished.

Notes
Turn   | Place    | Note
-------+----------+-------------------------------------------
     0 | D        | mhtbhm the Spriggan Brigand began the quest for the Orb.
     0 | D        | Reached XP level 1. HP: 10/10 MP: 2/2
     7 | D        | Reached skill level 6 in Stealth
   183 | D        | Reached skill level 8 in Stealth
   183 | D        | Reached XP level 2. HP: 15/15 MP: 3/3
   215 | D        | Reached skill level 9 in Stealth
   215 | D        | Reached XP level 3. HP: 19/19 MP: 4/4
   238 | D        | Gained mutation: Your flesh is heat resistant. (rF+)
                  | [potion of mutation]
   238 | D        | Gained mutation: You possess an exceptional clarity of
                  | mind. [potion of mutation]
   238 | D        | Gained mutation: Your body sometimes deteriorates upon
                  | taking damage. [potion of mutation]
   238 | D        | Gained mutation: You expend magic power (3 MP) to
                  | strengthen your wands. [potion of mutation]
   241 | D        | Lost mutation: Your flesh is heat resistant. (rF+) [potion
                  | of mutation]
   241 | D        | Lost mutation: You possess an exceptional clarity of mind.
                  | [potion of mutation]
   241 | D        | Lost mutation: You expend magic power (3 MP) to strengthen
                  | your wands. [potion of mutation]
   241 | D        | Gained mutation: You are partially covered in large bone
                  | plates. (SH +4) [potion of mutation]
   241 | D        | Gained mutation: You are robust. (+10% HP) [potion of
                  | mutation]
   245 | D        | Lost mutation: You are partially covered in large bone
                  | plates. (SH +4) [potion of mutation]
   245 | D        | Lost mutation: Your body sometimes deteriorates upon taking
                  | damage. [potion of mutation]
   245 | D        | Lost mutation: You are robust. (+10% HP) [potion of
                  | mutation]
   245 | D        | Gained mutation: You are strong-willed. (Will+) [potion of
                  | mutation]
   245 | D        | Gained mutation: You possess an exceptional clarity of
                  | mind. [potion of mutation]
   260 | D        | Noticed a water elemental
   262 | D        | Killed a water elemental
   263 | D        | Reached skill level 11 in Stealth
   263 | D        | Reached XP level 4. HP: 23/23 MP: 5/5
   272 | D        | Found a shadowy altar of Dithmenos.
   272 | D        | Noticed a necrophage
   273 | D        | Found a basalt altar of Yredelemnul.
   273 | D        | Found a sacrificial altar of Ru.
   279 | D        | Reached skill level 12 in Stealth
   288 | D        | Slain by a necrophage

Illustrated notes

Levels and vault maps discovered:
D:        dungeon_sprint_mu [sprint_mu_entry_forest, sprint_mu_temple_rooms,
          sprint_mu_d1_horrors, sprint_mu_d2_genie, sprint_mu_d3_branching,
          sprint_mu_orc_legion, sprint_mu_elf_gauntlet, sprint_mu_hive_nellie,
          sprint_mu_lair_fedhas, sprint_mu_vaults_butterflies,
          sprint_mu_slime_circle, sprint_mu_swamp_cave, sprint_mu_snake_twists,
          sprint_mu_blade_basic, sprint_mu_crypt_fortress,
          sprint_mu_tomb_spiral, sprint_mu_vestibule_basic,
          sprint_mu_gehenna_hellfire, sprint_mu_dis_giant,
          sprint_mu_tartarus_statrot, sprint_mu_cocytus_islands, sprint_mu_zot1]

Skill      XL: |  1  2  3  4 |
---------------+-------------+-----
Stealth        | 8 9 11 12 | 12.6
Fighting       | 2 |  2.8
Throwing       | 3 4 |  4.1
Short Blades   | 3 4 |  4.2
Dodging        | 2 |  2.1

Action                   |  1- 3 |  4- 6 || total
-------------------------+-------+-------++-------
Melee: Dagger            |    15 |    12 ||    27
       Punch             |       |     1 ||     1
Throw: Dart              |     7 |     2 ||     9
  Use: Potion            |     3 |       ||     3
 Stab: Sleeping          |     4 |       ||     4
Armor: Robe              |     1 |       ||     1
Dodge: Dodged            |     5 |     4 ||     9

Table legend: (Time is in decaauts)
 A = Elapsed time spent in this place.
 B = Non-inter-level travel time spent in this place.
 C = Inter-level travel time spent in this place.
 D = Time resting spent in this place.
 E = Time spent auto-exploring this place.
 F = Levels seen in this place.
 G = Mean time per level.
                   A        B        C        D        E       F      G
               +--------+--------+--------+--------+--------+-----+--------+
         Total |    246 |    246 |      0 |      0 |    147 |   1 |  246.0 |
       Dungeon |    246 |    246 |      0 |      0 |    147 |   1 |  246.0 |
               +--------+--------+--------+--------+--------+-----+--------+

Top non-repeatable levels by time:
       D: 246 daAuts
